 Dungeon Crawl Stone Soup version 0.29.1-2-gbd0b4ee654 (webtiles) character file.

Game seed: 10388022219922023485

3747 jamesblauser the Cleaver (level 9, -4/79 HPs)
             Began as a Minotaur Fighter on Nov 11, 2022.
             Was an Initiate of Gozag.
             Shot with a sling bullet by Joseph (23 damage)
             ... on level 8 of the Dungeon.
             The game lasted 00:27:34 (7601 turns).

jamesblauser the Cleaver (Minotaur Fighter)         Turns: 7601, Time: 00:27:38

Health: -4/79      AC:  1    Str: 24    XL:     9   Next: 93%
Magic:  8/8        EV: 17    Int:  5    God:    Gozag
Gold:   267        SH: 14    Dex: 15    Spells: 8/8 levels left

rFire   . . .      SeeInvis .   a - +2 war axe
rCold   . . .      Faith    .   q - +3 buckler
rNeg    . . .      Spirit   .   (no body armour)
rPois   .          Reflect  +   (helmet unavailable)
rElec   .          Harm     .   (no cloak)
rCorr   .          Rampage  .   l - +0 pair of gloves
Will    .....                   (no boots)
Stlth   ..........              i - amulet of reflection
HPRegen 0.23/turn               e - +4 ring of evasion
MPRegen 0.11/turn               r - +6 ring of strength

@: no status effects
A: horns 3, no stealth, retaliatory headbutt, hooves 1, weak 1
a: Renounce Religion, Potion Petition, Call Merchant, Bribe Branch


You were on level 8 of the Dungeon.
You worshipped Gozag.
Gozag was aware of your devotion.
You visited 1 branch of the dungeon, and saw 8 of its levels.

You collected 375 gold pieces.
You paid 108 gold pieces to Gozag.

Inventory:

Hand Weapons
 a - a +2 war axe (weapon)
 f - the +7 mace of the Middle {venom, Contam rElec Stlth+}
   (You found it on level 5 of the Dungeon)

   It poisons the flesh of those it strikes.
   rElec:     It insulates you from electricity.
   Contam:    It causes magical contamination when unequipped.
   Stlth:     It makes you more stealthy.
Armour
 b - a +0 scale mail
 c - a +0 buckler
 l - a +0 pair of gloves (worn)
 q - a +3 buckler (worn)
 t - a +0 chain mail
Jewellery
 e - a +4 ring of evasion (left hand)
 i - an amulet of reflection (around neck)
 r - a +6 ring of strength (right hand)
Wands
 j - a wand of iceblast (11) (quivered)
 k - a wand of flame (7)
 s - a wand of mindburst (17)
Scrolls
 g - a scroll of amnesia
 h - 5 scrolls of identify
 o - 3 scrolls of teleportation
Potions
 d - 3 potions of might
 m - 3 potions of mutation
 n - a potion of heal wounds
 p - a potion of curing


   Skills:
 + Level 7.6 Fighting
 + Level 11.6 Axes
 + Level 7.9 Armour
 + Level 4.1 Dodging
 + Level 7.3 Shields
 + Level 1.1 Evocations


You had 8 spell levels left.
You didn't know any spells.
Your spell library contained the following spells:

 Spells                   Type           Power      Damage    Failure   Level
 Call Canine Familiar     Summ           0%         N/A       89%         3
 Ozocubu's Armour         Ice            0%         N/A       89%         3
 Portal Projectile        Hex/Tloc       0%         N/A       89%         3
 Leda's Liquefaction      Hex/Erth       0%         N/A       100%        4
 Ozocubu's Refrigeration  Ice            0%         4d7       100%        7
 Chain Lightning          Conj/Air       0%         N/A       100%        9
 Fire Storm               Conj/Fire      0%         5d1       100%        9
 Shatter                  Erth           0%         3d5*      100%        9


Dungeon Overview and Level Annotations

Branches:
Dungeon (8/15)             Temple (0/1) D:6            Lair (0/5) D:8

Altars:
Ashenzari
Gozag
Nemelex Xobeh
Ru
Yredelemnul
Zin
The Shining One

Shops:
D:4 *?

Annotations:
D:8 Joseph


Innate Abilities, Weirdness & Mutations

You have a pair of large horns on your head.
You cannot be stealthy.
You reflexively headbutt those who attack you in melee.
You have large cloven feet.
You are weak. (Str -2)


Message History

You hit the yak. x2; You block the yak's attack.
The yak is distracted by your dazzling golden aura. x2
The yak bellows!
The yak bellows!
You hit the yak but do no damage.
The yak is heavily wounded.
You hit the yak.
The yak is no longer distracted by gold.
You slash the yak!
You hear a shout!
You block the yak's attack. The yak gores you! The yak closely misses you.
You hit the yak. You kick the yak.
The yak is heavily wounded.
You hit the yak. You slash the yak! You block the yak's attack.
The yak barely misses you. The yak gores you!
You hit the yak.
The yak is severely wounded.
You barely miss the yak. You hit the yak but do no damage. The yak misses you.
You block the yak's attack. x2
Joseph, a Mercenary comes into view.
He is wielding a +0 quarterstaff.
You hit the yak.
The yak is almost dead.
You hit the yak but do no damage. You hit the yak.
You kill the yak!
The yak is no longer distracted by gold.
The yak gores you!
* * * LOW HITPOINT WARNING * * *
The yak is distracted by your dazzling golden aura.
The yak bellows!
Okay, then.
The yak is no longer distracted by gold.
You block the yak's attack. x2
You see here 9 gold pieces.
The yak attacks as you move away! You block the yak's attack.
Found a book of Debilitation.
Found a stone staircase leading down.
You block the yak's attack.
Joseph unwields a +0 quarterstaff.
Joseph wields a +1 vorpal sling.
Joseph shoots a sling bullet.
The sling bullet hits you!!
You die...
Your body crumbles into a pile of gold.

....... #.#
>......###.#####
#...........#
###>#.<.......#
....##..).....#
........$).....#
.##@..[$Y...##...#
#.....YY...##..##
........@.......#
............#...
##...$.....#####
........$##
..........
.....)...##
#........#
##.....:##


You could see Joseph and 3 yaks.

Vanquished Creatures
  Pikel (D:5)
  A wyvern (D:4)
  3 yaks (D:8)
  A steam dragon (D:7)
  A water moccasin (D:7)
  3 orc warriors (D:7)
  An ice beast (D:6)
  A black bear (D:4)
  A sky beast (D:8)
  2 centaurs (D:7)
  2 necrophages
  A kobold brigand (D:6)
  4 bullfrogs
  A gnoll sergeant (D:6)
  5 scorpions
  A howler monkey (D:5)
  2 gnoll boudas
  8 hounds
  A jelly (D:5)
  4 orc priests
  Crazy Yiuf (D:6)
  5 iguanas
  Jessica (D:2)
  4 orc wizards
  Robin (D:2)
  10 gnolls
  5 adders
  A shadow imp (D:7)
  A white imp (D:5)
  A worm (D:4)
  21 orcs
  3 endoplasms
  2 giant cockroaches
  14 goblins
  4 hobgoblins
  4 jackals (D:4)
  2 quokkas (D:4)
  4 bats
  A frilled lizard (D:2)
  7 kobolds
  A kobold zombie (D:4)
  3 rats (D:2)
140 creatures vanquished.

Vanquished Creatures (others)
  An orc priest (D:7)
  A human skeleton (D:4)
  A white imp (D:7)
  A giant cockroach (D:4)
  A goblin (D:4)
  A kobold (D:4)
  5 plants (D:6)
11 creatures vanquished.

Grand Total: 151 creatures vanquished

Notes
Turn   | Place    | Note
-------+----------+-------------------------------------------
     0 | D:1      | jamesblauser the Minotaur Fighter began the quest for the
                  | Orb.
     0 | D:1      | Reached XP level 1. HP: 19/19 MP: 0/0
   533 | D:1      | You fall into a shaft and drop 1 floor!
   635 | D:2      | Reached XP level 2. HP: 16/27 MP: 1/1
   852 | D:2      | Noticed Robin
   862 | D:2      | Reached skill level 3 in Axes
   864 | D:2      | Killed Robin
   865 | D:2      | Reached XP level 3. HP: 33/33 MP: 2/2
   868 | D:2      | Found a faded altar of an unknown god.
   876 | D:2      | Prayed at the altar of an unknown god.
   876 | D:2      | Became a worshipper of Ru the Awakened
   926 | D:2      | Noticed Jessica
   937 | D:2      | Killed Jessica
   938 | D:2      | Reached XP level 4. HP: 26/41 MP: 3/3
   938 | D:2      | Gained mutation: You cannot be stealthy. [Ru sacrifice]
  1843 | D:4      | Found Ukhyjan's Magic Scroll Shop.
  1907 | D:4      | Noticed a wyvern
  1910 | D:4      | Reached skill level 4 in Axes
  1917 | D:4      | Killed a wyvern
  1918 | D:4      | Reached skill level 5 in Axes
  1918 | D:4      | Reached XP level 5. HP: 20/47 MP: 4/4
  2169 | D:4      | Reached skill level 1 in Dodging
  2169 | D:4      | Reached XP level 6. HP: 42/55 MP: 5/5
  2274 | D:4      | Found a runed translucent door.
  2274 | D:4      | Noticed a human
  2283 | D:4      | Reached skill level 5 in Fighting
  2288 | D:4      | Found a basalt altar of Yredelemnul.
  2515 | D:4      | Reached skill level 5 in Armour
  2738 | D:4      | Found Zin's Purification Station.
  2738 | D:4      | Found a glowing silver altar of Zin.
  2949 | D:4      | Found a sparkling altar of Nemelex Xobeh.
  3018 | D:5      | Entered Level 5 of the Dungeon
  3030 | D:5      | Reached skill level 6 in Axes
  3040 | D:5      | Reached XP level 7. HP: 13/61 MP: 6/6
  3301 | D:5      | Noticed Pikel
  3318 | D:5      | Killed Pikel
  3319 | D:5      | Reached skill level 7 in Axes
  3319 | D:5      | Reached XP level 8. HP: 27/70 MP: 7/7
  3320 | D:5      | Reached skill level 8 in Axes
  3638 | D:5      | Reached skill level 5 in Shields
  3665 | D:5      | Found a glowing golden altar of the Shining One.
  3802 | D:5      | Identified the +7 mace of the Middle {venom, Contam rElec
                  | Stlth+}
  4084 | D:5      | Gained mutation: You are weak. (Str -2) [potion of
                  | mutation]
  4084 | D:5      | Gained mutation: You have large cloven feet. [potion of
                  | mutation]
  4084 | D:5      | Gained mutation: You have a pair of large horns on your
                  | head. [potion of mutation]
  4371 | D:5      | Found a broken altar of Ashenzari.
  4543 | D:6      | Reached skill level 9 in Axes
  4595 | D:6      | Found a staircase to the Ecumenical Temple.
  5189 | D:6      | Reached XP level 9. HP: 78/78 MP: 8/8
  5195 | D:6      | Found a runed translucent door.
  5196 | D:6      | Noticed Crazy Yiuf
  5523 | D:6      | Killed Crazy Yiuf
  5643 | D:7      | Reached skill level 10 in Axes
  6986 | D:7      | Reached skill level 11 in Axes
  7000 | D:7      | Found an opulent altar of Gozag.
  7095 | D:7      | Fell from the grace of Ru
  7095 | D:7      | Became a worshipper of Gozag Ym Sagoz the Greedy
  7350 | D:7      | Found a sacrificial altar of Ru.
  7556 | D:8      | Found a staircase to the Lair.
  7574 | D:8      | Reached skill level 1 in Evocations
  7598 | D:8      | Noticed Joseph
  7601 | D:8      | Shot with a sling bullet by Joseph

Illustrated notes

Levels and vault maps discovered:
D:1:      minmay_arrival_stone_box, layout_loops_ring, serial_aquarium,
          aquarium_bridge_island_large [aquarium_subvault_large_open,
          aquarium_subvault_bridge, aquarium_subvault_bridge,
          aquarium_subvault_bridge, aquarium_subvault_wall],
          aquarium_bridge_square [aquarium_subvault_bridge,
          aquarium_subvault_bridge, aquarium_subvault_wall,
          aquarium_subvault_window], aquarium_window_1, aquarium_window_fake,
          aquarium_window_corner, aquarium_view_4, aquarium_pool_2
D:2:      layout_loops_ring, hellmonk_ecumenical_altar_zigzags, uniq_robin,
          uniq_jessica
D:3:      layout_rooms, item_on_display_b
D:4:      layout_basic, nemelex_diamond_rough_becter, zin_purify,
          dk_yredelemnul_ordeal, serial_shops, nicolae_shop_hallway_stairs,
          kennysheep_generic_room_6
D:5:      layout_loops_ring, kennysheep_mini_moat, kennysheep_little_box,
          st_stairs_5, uniq_pikel
D:6:      layout_cave_pods, minmay_temple_entry_statues_fountains,
          nicolae_grassy_gnolls, uniq_crazy_yiuf_cottage
D:7:      layout_basic, lemuel_coloured_pillars_altar, grunt_gozag_breadcrumbs,
          serial_co_window_serial, co_window_paths_a, co_window_paths_b,
          co_window_paths_a, co_window_of_opportunity_a, co_window_corner_a,
          co_window_paths_b, co_window_corner_a, co_window_of_opportunity_b,
          co_window_2corner, co_window_corner_b, co_window_unsneaky_path_b,
          co_window_cross_2, co_window_corner_b, glass_columns_c,
          glass_columns_a, glass_columns_c
D:8:      nicolae_BIG_FREAKIN_CUBE, layout_cave_pools, pf_just_have_faith,
          kennysheep_mini, serial_shops, nicolae_shop_waterfront, st_stairs_7,
          nicolae_transporter_circle, uniq_grum, uniq_joseph

Skill      XL: |  1  2  3  4  5  6  7  8  9 |
---------------+----------------------------+-----
Shields        | 4 5 7 |  7.3
Axes           | 3 5 6 7 9 11 | 11.6
Fighting       | 4 5 6 7 |  7.6
Armour         | 4 5 6 7 |  7.9
Dodging        | 1 2 3 4 |  4.1
Evocations     | 1 |  1.1

Action                   |  1- 3 |  4- 6 |  7- 9 || total
-------------------------+-------+-------+-------++-------
Melee: War axe           |    45 |    57 |   231 ||   333
       Headbutt          |     6 |    13 |    39 ||    58
       Kick              |       |       |    50 ||    50
       Mace              |       |       |     1 ||     1
Invok: Sacrifice Stealth |       |     1 |       ||     1
       Reject Sacrifices |       |       |     1 ||     1
Evoke: Wand              |       |       |     7 ||     7
  Use: Scroll            |     4 |     4 |     5 ||    13
       Potion            |     1 |     6 |     7 ||    14
Armor: Scale mail        |    27 |    20 |    48 ||    95
Dodge: Dodged            |    28 |    40 |    91 ||   159
Block: Buckler           |     8 |    30 |   150 ||   188
       Reflection        |       |       |    10 ||    10
